 Dungeon Crawl Stone Soup version 0.14-a0-2888-g61d0ccb (webtiles) character file.

7064 Badjas the Impaler (level 11, -4/84 HPs)
             Began as a Merfolk Gladiator on Feb 28, 2014.
             Was a Believer of Ashenzari.
             Killed by divine providence
             ... invoked by an orc priest
              (10 damage)
             ... on Level 10 of the Dungeon on Mar 1, 2014.
             The game lasted 02:35:02 (14386 turns).

Badjas the Impaler (Merfolk Gladiator)             Turns: 14386, Time: 02:35:02

HP  -4/84        AC 17     Str 15      XL: 11   Next:  1%
MP   0/18        EV  2     Int  9      God: Ashenzari [**....]
Gold 482         SH  0     Dex 17      Spells:  0 memorised, 15 levels left

rFire  + . .     SeeInvis .     E - +1,-3 scythe (curse)
rCold  . . .     Clarity  .     Y - +1 plate armour {MR+} (curse)
rNeg   . . .     Conserve .     (no shield)
rPois  .         rCorr    .     J - +0 helmet (curse)
rElec  .         rRot     .     (no cloak)
SustAb . .       Spirit   +     (no gloves)
rMut   .         Warding  .     K - +1 pair of boots (curse)
Saprov . . .     Stasis   .     Q - cursed amulet of guardian spirit
MR     ++...                    l - cursed ring of protection from magic
                                V - ring of protection from fire

@: studying Evocations, held, very resistant to hostile enchantments, extremely
unstealthy
A: change form in water, swift swim
a: Renounce Religion


You were on level 10 of the Dungeon.
You worshipped Ashenzari.
Ashenzari was pleased with you.
You were hungry.

You visited 2 branches of the dungeon, and saw 11 of its levels.
You also visited: Sewer.

You collected 482 gold pieces.

Inventory:

Hand weapons
 a - a +0,+0 halberd
 b - a +1,+1 falchion of holy wrath
 q - a +0 blowgun
 x - a +0,+0 glaive
 E - a cursed +1,-3 scythe (weapon)
 R - a +2,+0 vampiric battleaxe
 X - a +0,+1 battleaxe
Missiles
 n - 6 curare-tipped needles
 v - 25 stones
 C - 21 poisoned needles
Armour
 c - a +0 helmet
 y - a +0 leather armour
 B - a +0 ring mail
 J - a cursed +0 helmet (worn)
 K - a cursed +1 pair of boots (worn)
 Y - a cursed +1 plate armour of magic resistance (worn)
Magical devices
 d - a wand of lightning (0)
 p - a wand of heal wounds (0)
 G - a wand of polymorph (8)
 I - a wand of random effects (0)
Comestibles
 f - 3 bread rations
 A - a meat ration
Scrolls
 h - a scroll of fear
 k - 3 scrolls of curse weapon
 m - a scroll of immolation
 o - 3 scrolls of remove curse
 t - 3 scrolls of random uselessness
 u - 3 scrolls of fog
 z - a scroll of teleportation
 L - 3 scrolls of magic mapping
 N - a scroll of recharging
 O - 5 scrolls of identify
Jewellery
 e - an uncursed ring of flight
 l - a cursed ring of protection from magic (right hand)
 F - an uncursed ring of fire
 Q - a cursed amulet of guardian spirit (around neck)
 S - an uncursed ring of magical power
 V - a ring of protection from fire (left hand)
Potions
 g - a potion of agility
 j - a potion of brilliance
 D - 2 potions of confusion {unknown}
 H - a potion of might
Books
 r - a book of Beasts

   Spells                             Type                      Level
   Summon Butterflies                 Summoning                    1
   Sticks to Snakes                   Transmutation                2
   Call Canine Familiar               Summoning                    3
   Ice Form                           Ice/Transmutation            4
   Summon Ice Beast                   Ice/Summoning                4
   Summon Hydra                       Summoning                    7
 s - a book of Wizardry

   Spells                             Type                      Level
   Summon Elemental                   Summoning                    4
   Agony                              Necromancy                   5
   Force Lance                        Conjuration                  5
   Fireball                           Conjuration/Fire             5
   Haste                              Charms                       6
   Invisibility                       Hexes                        6
 w - a book of Unlife

   Spells                             Type                      Level
   Recall                             Summoning/Translocation      3
   Animate Dead                       Necromancy                   4
   Control Undead                     Necromancy                   4
   Twisted Resurrection               Necromancy                   5
   Death Channel                      Necromancy                   6
   Simulacrum                         Ice/Necromancy               6
 P - a manual of Evocations
Miscellaneous
 T - a stone of tremors (inert)


   Skills:
 + Level 7.1 Fighting
 + Level 15.5(18.0) Polearms
 - Level 2.1 Throwing
 + Level 4.9(7.1) Armour
 * Level 9.0 Dodging
 - Level 0.5 Stealth
 - Level 2.7 Spellcasting
 * Level 4.7(6.1) Evocations


You had 15 spell levels left.
You didn't know any spells.

Dungeon Overview and Level Annotations

Branches:
Dungeon (10/16)            Temple (1/1) D:7
    Orc: D:9-12        Lair: D:8-11

Altars:
Ashenzari
Cheibriados
Dithmenos
Elyvilon
Fedhas
Kikubaaqudgha
Makhleb
Nemelex Xobeh
Okawaru
Sif Muna
Trog
Vehumet
Xom
Yredelemnul
Zin
The Shining One
Beogh

Annotations:
D:3 Yllodra's ghost, average DgTm
D:4 Eustachio


Message History

The orc warrior hits you with a +0,+0 great sword!
* * * LOW HITPOINT WARNING * * *
Evoke which item? (* to show all) (? for menu, Esc to quit)
Okay, then.
An orc warrior and an orc priest come into view.
The orc warrior shouts!
The orc priest shouts!
The orc priest throws a throwing net [torn].
The throwing net [torn] hits you!
You become entangled in the net!
You see here a throwing net [torn].
You try to slip out of the net.
The orc priest calls down the wrath of Beogh upon you.
Something smites you!
* * * LOW HITPOINT WARNING * * *
Unknown command.
You struggle against the net.
The orc warrior hits you with a +0,+0 great sword.
* * * LOW HITPOINT WARNING * * *
The orc priest calls down the wrath of Beogh upon you.
Something smites you!
You die...

#.# #.#.#..#.o# ####..#......
#.# #.#.#..#.(####..##[[......
#.# #..............())...[....
#.# #.#.#..#o%####.##oz##..#..
#.# #.#<......# #####z##..##.
#.# #.#.......# ,#.##.##.# #.#
#.#.......# *,#.##..##. #.#
#.#.......# ######.##.#... #.#
#.#......@###..>......#### #.#
#.#.......ozz.............
#.####.##......###.........####
#............%.o.{......(......
##.............###.........####
#.........................#
#.............###....)....#
#.........................#
#.........#################


You could see 2 orc warriors, 2 wights, an orc priest and an orc.

Vanquished Creatures
  A feature mimic (D:8)
  A hydra skeleton (D:10)
  4 yaks (D:8)
  A hippogriff (D:8)
  A hungry ghost (D:9)
  3 wolves (D:9)
  A black bear (D:10)
  A sky beast (D:6)
  9 orc warriors
  2 ogres
  2 centaurs
  2 ice beasts (D:8)
  A phantom (D:7)
  Sigmund (D:3)
  6 giant frogs
  3 big kobolds (Sewer)
  A cyclops zombie (D:10)
  An eye of draining (D:9)
  A spectral elf (D:8)
  6 wights
  An electric eel (D:9)
  3 goliath beetles
  9 hounds
  6 jellies
  5 crimson imps
  2 iguanas
  A quasit (D:7)
  2 big fish
  10 orc priests
  15 orc wizards
  A centaur skeleton (D:8)
  Natasha (thrice) (D:3)
  3 worker ants
  2 scorpions
  An orange rat (D:7)
  2 hound skeletons
  16 adders
  2 green rats
  A giant mite (D:2)
  5 worms
  An ufetubus (D:4)
  2 giant eyeballs
  4 giant geckos
  An ooze (Sewer)
  59 orcs
  16 bats
  6 giant cockroaches
  9 goblins
  14 hobgoblins
  14 jackals
  20 kobolds
  6 quokkas
  7 ball pythons
  A giant gecko zombie (D:4)
  6 giant newts
  2 orc skeletons
  An orc zombie (D:7)
  15 rats
  3 ballistomycetes (D:9)
325 creatures vanquished.

Vanquished Creatures (collateral kills)
  An orc wizard (D:10)
  A giant eyeball (D:10)
2 creatures vanquished.

Vanquished Creatures (others)
  An orc priest (D:9)
  2 giant spores (D:9)
3 creatures vanquished.

Grand Total: 330 creatures vanquished

Notes
Turn   | Place    | Note
--------------------------------------------------------------
     0 | D:1      | Badjas, the Merfolk Gladiator, began the quest for the Orb.
     0 | D:1      | Reached XP level 1. HP: 16/16 MP: 1/1
    58 | D:1      | Reached XP level 2. HP: 22/22 MP: 2/2
   204 | D:1      | Reached skill level 5 in Polearms
   440 | D:2      | Reached XP level 3. HP: 28/28 MP: 3/3
   720 | D:2      | Reached XP level 4. HP: 18/34 MP: 4/4
  1378 | D:2      | Reached skill level 1 in Spellcasting
  1648 | D:3      | Reached skill level 6 in Polearms
  1771 | D:3      | Reached skill level 5 in Dodging
  1880 | D:3      | Reached XP level 5. HP: 30/39 MP: 7/7
  2145 | D:3      | Noticed Sigmund
  2163 | D:3      | Killed Sigmund
  2312 | D:3      | Noticed Yllodra's ghost (average DgTm)
  2467 | D:3      | Noticed Natasha
  2471 | D:3      | Killed Natasha
  2471 | D:3      | Reached XP level 6. HP: 41/46 MP: 10/10
  2478 | D:3      | Noticed Natasha
  2480 | D:3      | Killed Natasha
  2550 | D:3      | Noticed Natasha
  2557 | D:3      | Killed Natasha
  2936 | D:4      | Found a glowing drain.
  2940 | D:4      | Reached skill level 1 in Armour
  3021 | Sewer    | Entered a sewer
  3334 | Sewer    | Reached skill level 7 in Polearms
  3357 | Sewer    | Reached XP level 7. HP: 23/52 MP: 12/12
  3777 | D:4      | Noticed Eustachio
  3967 | D:5      | Entered Level 5 of the Dungeon
  4449 | D:5      | Found a sparkling altar of Nemelex Xobeh.
  5149 | D:6      | Reached skill level 8 in Polearms
  5312 | D:6      | Reached XP level 8. HP: 37/59 MP: 14/14
  5789 | D:7      | Upgraded the game from 0.14-a0-2881-g20de702 to 0.14-a0-2888-g61d0ccb
  6445 | D:7      | Found a staircase to the Ecumenical Temple.
  6455 | Temple   | Entered the Ecumenical Temple
  6602 | Temple   | Became a worshipper of Ashenzari the Shackled
  6863 | Temple   | Paralysed by a potion of paralysis for 2 turns
  7492 | D:7      | Reached skill level 9 in Polearms
  8485 | D:7      | Reached skill level 10 in Polearms
  8587 | D:7      | Reached XP level 9. HP: 47/65 MP: 16/16
  9129 | D:8      | Reached skill level 11 in Polearms
  9181 | D:8      | Reached skill level 5 in Fighting
  9189 | D:8      | Reached skill level 12 in Polearms
  9868 | D:8      | Reached skill level 13 in Polearms
  9972 | D:8      | Killed a staircase mimic
  9972 | D:8      | Reached XP level 10. HP: 41/76 MP: 17/17
 10353 | D:8      | Found an iron altar of Okawaru.
 10358 | D:8      | Found a glowing silver altar of Zin.
 10358 | D:8      | Paralysed by a giant eyeball for 3 turns
 10363 | D:8      | Paralysed by a giant eyeball for 4 turns
 10371 | D:8      | Found a blossoming altar of Fedhas.
 10433 | D:8      | Found a basalt altar of Yredelemnul.
 10474 | D:8      | Reached skill level 14 in Polearms
 10586 | D:9      | Found a snail-covered altar of Cheibriados.
 10632 | D:10     | Entered Level 10 of the Dungeon
 11127 | D:9      | Paralysed by a giant eyeball for 2 turns
 11393 | D:8      | Reached skill level 1 in Evocations
 11886 | D:9      | Found a roughly hewn altar of Beogh.
 12228 | D:9      | Reached skill level 15 in Polearms
 13295 | D:10     | Paralysed by a giant eyeball for 3 turns
 13301 | D:10     | Paralysed by a giant eyeball for 3 turns
 13631 | D:10     | Acquired Ashenzari's first power
 14249 | D:10     | Reached XP level 11. HP: 59/84 MP: 11/18
 14386 | D:10     | Killed from afar by an orc priest

Action                   |  1- 3 |  4- 6 |  7- 9 | 10-12 || total
-------------------------+-------+-------+-------+-------++-------
Melee: Trident           |   100 |   147 |       |       ||   247
       Scythe            |       |    96 |   468 |   443 ||  1007
       Halberd           |       |       |    97 |       ||    97
       Falchion          |       |       |    34 |       ||    34
Throw: Throwing net      |       |     2 |     1 |       ||     3
       Stone             |       |       |       |     3 ||     3
Evoke: Wand              |       |     2 |    16 |     6 ||    24
       Stone of tremors  |       |       |       |     1 ||     1
  Use: Scroll            |       |     5 |    15 |     1 ||    21
       Potion            |       |     2 |    13 |     2 ||    17
 Stab: Sleeping          |       |     1 |       |       ||     1
       Held in net/web   |       |     1 |       |       ||     1
       Invisible         |       |       |     2 |       ||     2
       Confused          |       |       |       |     1 ||     1
